 Dungeon Crawl Stone Soup version 0.25-a0-733-gf7d8cd8a05 (webtiles) character file.

Game seed: 14483679308336289975, levelgen mode: deterministic

1561 Iflex the Spear-Bearer (level 8, 0/64 HPs)
             Began as a Merfolk Gladiator on Apr 9, 2020.
             Was a Believer of Okawaru.
             Slain by a slave (6 damage)
             ... led by Pikel
             ... on level 7 of the Dungeon.
             The game lasted 00:22:40 (5467 turns).

Iflex the Spear-Bearer (Merfolk Gladiator)          Turns: 5467, Time: 00:22:40

Health: 0/64       AC:  5    Str: 24    XL:     8   Next: 89%
Magic:  8/8        EV: 17    Int:  7    God:    Okawaru [**....]
Gold:   352        SH:  0    Dex: 15    Spells: 7/7 levels left

rFire    x . .     SeeInvis .   a - +0 trident
rCold    + . .     Gourm    .   (no shield)
rNeg     . . .     Faith    +   x - +1 robe of Filth {Str+4}
rPois    .         Spirit   .   c - +1 helmet
rElec    .         Reflect  .   (no cloak)
rCorr    .         Harm     .   (no gloves)
MR       .....                  (no boots)
Stlth    ++........             v - amulet of faith
HPRegen  0.20/turn              e - +3 ring of strength
MPRegen  0.11/turn              D - ring of ice

@: no status effects
A: change form in water, swift swim, stealthy swim
a: Heroism, Renounce Religion


You were on level 7 of the Dungeon.
You worshipped Okawaru.
Okawaru was pleased with you.
You were not hungry.

You visited 1 branch of the dungeon, and saw 7 of its levels.

You collected 352 gold pieces.

Inventory:

Hand Weapons
 a - a +0 trident (weapon)
Missiles
 d - 2 throwing nets (quivered)
 w - 16 boomerangs
Armour
 b - a +0 leather armour
 c - a +1 helmet (worn)
 x - the +1 robe of Filth (worn) {Str+4}
   (You found it on level 5 of the Dungeon)

   It affects your strength (+4).
Jewellery
 e - a +3 ring of strength (left hand)
 v - an amulet of faith (around neck)
 D - a ring of ice (right hand)
Wands
 q - a wand of iceblast (8)
 B - a wand of digging (3)
Scrolls
 h - a scroll of immolation {unknown}
 m - 2 scrolls of teleportation
 r - 3 scrolls of enchant armour
 s - a scroll of fog {unknown}
 t - a scroll of random uselessness {unknown}
 y - a scroll of magic mapping {unknown}
 z - a scroll of blinking {unknown}
 E - a scroll of identify
Potions
 g - a potion of heal wounds
 i - a potion of ambrosia {unknown}
 j - a potion of flight
 k - 2 potions of mutation
 l - a potion of haste {unknown}
 n - 2 potions of curing {unknown}
 p - a potion of magic {unknown}
 u - 2 potions of lignification {unknown}
 A - a potion of invisibility {unknown}
Comestibles
 f - 17 rations


   Skills:
 * Level 6.0 Fighting
 + Level 10.2 Polearms
 + Level 2.8 Throwing
 + Level 1.4 Armour
 * Level 8.1 Dodging
 + Level 3.2 Stealth


You had 7 spell levels left.
You didn't know any spells.
Your spell library was empty.

Dungeon Overview and Level Annotations

Branches:
Dungeon (7/15)             Temple (0/1) D:6

Altars:
Cheibriados
Okawaru
Uskayaw
Xom

Shops:
D:4 (   D:6 :   D:7 :

Annotations:
D:7 Pikel


Message History

The slave completely misses you.
Pikel hits you with a +0 whip of freezing.
* * * LOW HITPOINT WARNING * * *
Pikel freezes you.
* * * LOW HITPOINT WARNING * * *
You hit Pikel but do no damage.
Pikel is almost dead.
The slave barely misses you. The slave misses you. The slave hits you.
* * * LOW HITPOINT WARNING * * *
You hit Pikel.
Pikel is almost dead.
Pikel misses you. The slave hits you.
* * * LOW HITPOINT WARNING * * *
The slave barely misses you. The slave completely misses you.
You hit Pikel but do no damage.
Pikel is almost dead.
Pikel hits you with a +0 whip of freezing.
* * * LOW HITPOINT WARNING * * *
The slave hits you.
You die...

...............................#
#..............................##
#.z..............................
#................................
....<............................
...........................##....
...........................##....
...........................##....
...............K@...........)....
...............ppp...............
..................[..............
.................................
.# #.[###(.....>######..........
. #.........#####...#.....##...
#####.........#####...#.....##...
.>............##K.pp..+8.........
....##...........######..........


You could see Pikel and 3 slaves.

Vanquished Creatures
  Prince Ribbit (D:7)
  Sigmund (D:2)
  An orc warrior (D:7)
  A sky beast (D:6)
  A slave (D:7)
  3 bullfrogs
  A scorpion (D:3)
  A howler monkey (D:6)
  5 crimson imps (D:5)
  A lava snake (D:7)
  3 hounds
  An orc priest (D:7)
  An iron imp (D:5)
  A jelly (D:5)
  An orc wizard (D:5)
  A bullfrog skeleton (D:5)
  2 iguanas
  4 worker ants
  A hound skeleton (D:6)
  A howler monkey zombie (D:7)
  6 adders
  An ooze (D:7)
  3 adder skeletons
  3 dart slugs
  A leopard gecko (D:1)
  9 orcs
  4 goblins
  8 hobgoblins
  6 kobolds
  A quokka (D:3)
  A ball python (D:1)
  7 bats
  5 frilled lizards
  2 leopard gecko skeletons
  A leopard gecko zombie (D:5)
  A quokka skeleton (D:4)
  A quokka zombie (D:5)
  9 rats
101 creatures vanquished.

Notes
Turn   | Place    | Note
-------+----------+-------------------------------------------
     0 | D:1      | Iflex the Merfolk Gladiator began the quest for the Orb.
     0 | D:1      | Reached XP level 1. HP: 16/16 MP: 1/1
    54 | D:1      | Reached XP level 2. HP: 18/22 MP: 2/2
    72 | D:1      | Reached skill level 5 in Polearms
   396 | D:1      | Reached XP level 3. HP: 28/28 MP: 3/3
   752 | D:2      | Noticed Sigmund
   804 | D:3      | Found an iron altar of Okawaru.
   804 | D:3      | Noticed a scorpion
   981 | D:3      | Noticed a +0 hand axe
   981 | D:3      | Noticed a +0 dagger
  1020 | D:3      | Found a hide-covered altar of Uskayaw.
  1113 | D:3      | Killed a scorpion
  1113 | D:3      | Reached XP level 4. HP: 34/34 MP: 4/4
  1393 | D:3      | Reached skill level 6 in Polearms
  1497 | D:3      | Reached skill level 1 in Stealth
  2010 | D:4      | Reached XP level 5. HP: 23/41 MP: 5/5
  2216 | D:4      | Found Liarot's Weapon Shop.
  2736 | D:5      | Entered Level 5 of the Dungeon
  2798 | D:5      | Reached skill level 1 in Armour
  2853 | D:5      | Reached XP level 6. HP: 44/47 MP: 6/6
  2955 | D:5      | Reached skill level 7 in Polearms
  3032 | D:5      | Reached skill level 5 in Dodging
  3318 | D:5      | Got a bloodstained robe
  3338 | D:5      | Identified the +1 robe of Filth {Str+4} (You found it on
                  | level 5 of the Dungeon)
  3373 | D:5      | Found a shimmering altar of Xom.
  3530 | D:5      | Reached XP level 7. HP: 53/53 MP: 7/7
  3549 | D:5      | Found a snail-covered altar of Cheibriados.
  3863 | D:2      | Killed Sigmund
  3863 | D:2      | Reached skill level 8 in Polearms
  4011 | D:3      | Became a worshipper of Warmaster Okawaru
  4163 | D:6      | Reached * piety under Okawaru
  4163 | D:6      | Reached skill level 5 in Fighting
  4174 | D:6      | Found Larirurgh's Book Emporium.
  4194 | D:6      | Found a staircase to the Ecumenical Temple.
  4295 | D:6      | Reached XP level 8. HP: 46/62 MP: 8/8
  4380 | D:6      | Reached skill level 9 in Polearms
  4734 | D:7      | Noticed Prince Ribbit
  4740 | D:7      | Killed Prince Ribbit
  4785 | D:7      | Found Joaquots's Book Emporium.
  4996 | D:7      | Noticed Pikel
  5221 | D:7      | Reached ** piety under Okawaru
  5221 | D:7      | Reached skill level 10 in Polearms
  5467 | D:7      | Slain by a slave

Levels and vault maps discovered:
D:1:      wander_arrival_abandoned_jail, layout_rooms, minmay_hexomino_u4
D:2:      minmay_diamond_boxcup, layout_basic, chequers_ecumenical_altar_grove,
          uniq_sigmund
D:3:      layout_loops_corners, overflow_temple_1_default,
          dancing_weapons_uskayaw, first_ration
D:4:      layout_rooms, serial_shops, shop
D:5:      layout_loops_ring, led_xom_imps, chei_slow_surprise
D:6:      layout_rooms, minmay_temple_entry_antechambers, serial_shops, shop
D:7:      layout_basic, serial_shops, nicolae_shop_statue_plus, grunt_livestock,
          hangedman_decor_diamond_cutter, kennysheep_generic_room_4,
          uniq_prince_ribbit1, uniq_pikel

Skill      XL: |  1  2  3  4  5  6  7  8 |
---------------+-------------------------+-----
Polearms       | 5 6 7 8 10 | 10.2
Fighting       | 3 5 6 |  6.0
Stealth        | 1 2 3 |  3.2
Armour         | 1 |  1.4
Dodging        | 5 6 8 |  8.1
Throwing       | |  2.8

Action                   |  1- 3 |  4- 6 |  7- 9 || total
-------------------------+-------+-------+-------++-------
Melee: Trident           |    93 |   162 |   223 ||   478
Throw: Throwing net      |     1 |     2 |     4 ||     7
       Javelin           |       |     2 |     6 ||     8
  Use: Scroll            |       |     5 |     2 ||     7
       Potion            |       |       |     5 ||     5
 Stab: Held in net/web   |     2 |       |       ||     2
       Sleeping          |       |     3 |     4 ||     7
       Distracted        |       |       |     1 ||     1
  Eat: Chunk             |       |     6 |     5 ||    11
       Ration            |       |     1 |       ||     1
Armor: Leather armour    |    25 |    13 |       ||    38
       Robe              |       |     6 |    32 ||    38
Dodge: Dodged            |    40 |    89 |   139 ||   268

Table legend:
 A = Non-vault XP
 B = Vault XP
 C = Vault XP percentage of total XP
 D = Non-vault monster count
 E = Vault monster count
 F = Vault count percentage of total count
                 A         B        C        D         E       F
            +---------+---------+-------+---------+---------+-------
      Total |    1489 |     741 |  33.2 |      89 |      11 |  11.0
            +---------+---------+-------+---------+---------+-------
        D:1 |      33 |       8 |  19.5 |      21 |       4 |  16.0
        D:2 |      16 |     238 |  93.7 |       8 |       1 |  11.1
        D:3 |     106 |       0 |   0.0 |      14 |       0 |   0.0
        D:4 |      83 |       0 |   0.0 |       9 |       0 |   0.0
        D:5 |     225 |     236 |  51.2 |      13 |       5 |  27.8
        D:6 |     536 |       0 |   0.0 |      10 |       0 |   0.0
        D:7 |     490 |     259 |  34.6 |      14 |       1 |   6.7
            +---------+---------+-------+---------+---------+-------
